 Dungeon Crawl Stone Soup version 0.23-a0-558-g30802b1 (webtiles) character file.

84282 JeffiDaFish the Metallomancer (level 15, -5/84 HPs)
             Began as a Gargoyle Earth Elementalist on Dec 11, 2018.
             Was a High Priest of Sif Muna.
             Killed by divine providence
             ... invoked by Saint Roka
              (13 damage)
             ... on level 2 of the Orcish Mines on Dec 13, 2018.
             The game lasted 01:18:15 (31346 turns).

JeffiDaFish the Metallomancer (GrEE)               Turns: 31346, Time: 01:18:15

Health: -5/84      AC: 27    Str: 14    XL:     15   Next: 79%
Magic:  1/31       EV: 16    Int: 22    God:    Sif Muna [*****.]
Gold:   2228       SH:  0    Dex: 10    Spells: 16/39 levels left

rFire    . . .     SeeInvis +   a - +9 dagger (protect)
rCold    . . .     Gourm    .   (no shield)
rNeg     + . .     Faith    .   M - +1 robe of the Eternal Fruit {MR+ rCorr Str+2}
rPois    ∞         Spirit   .   s - +2 helmet
rElec    +         Reflect  .   x - +2 cloak of the Thief {+Fog Slay-2 SInv Stlth+}
rCorr    +         Harm     .   c - +3 pair of gauntlets of War {Slay+5}
MR       ++...     Clarity  +   i - +2 pair of boots
Stlth    +++.......             k - amulet of regeneration
HPRegen  0.64/turn              j - ring of wizardry
MPRegen  0.22/turn              e - +4 ring of evasion

@: flying, no casting
A: big wings, clarity, negative energy resistance 1, electricity resistance,
wild magic 1, unbreathing, petrification resistance, rot immunity, sturdy frame
1, AC +11
a: Stop Flying, Stop Divine Energy, Channel Magic, Forget Spell, Renounce
Religion, Evoke Fog


You were on level 2 of the Orcish Mines.
You worshipped Sif Muna.
Sif Muna was extremely pleased with you.
You were not hungry.

You visited 4 branches of the dungeon, and saw 24 of its levels.
You also visited: Gauntlet.

You collected 2376 gold pieces.
You spent 148 gold pieces at shops.

Inventory:

Hand Weapons
 a - a +9 dagger of protection (weapon)
 u - the cursed +1 dagger of Resumed Hostilities {pierce, rPois Str+4 Int+2 Stlth+}
   (You took it off a minotaur in a Gauntlet)

   It inflicts extra damage upon your enemies.
   It affects your strength (+4).
   It affects your intelligence (+2).
   It protects you from poison.
   It makes you more stealthy.
   It has a curse placed upon it.
Missiles
 o - 150 stones (quivered)
Armour
 c - the +3 pair of gauntlets of War (worn) {Slay+5}
   (You found it on level 3 of the Lair of Beasts)

   It affects your accuracy and damage with ranged weapons and melee attacks
   (+5).
 i - a +2 pair of boots (worn)
 n - a +2 cloak
 s - a +2 helmet (worn)
 x - the +2 cloak of the Thief (worn) {+Fog Slay-2 SInv Stlth+}
   (You found it in a Gauntlet)

   It affects your accuracy and damage with ranged weapons and melee attacks
   (-2).
   It lets you see invisible.
   It makes you more stealthy.
 E - a +2 robe of cold resistance
 M - the +1 robe of the Eternal Fruit (worn) {MR+ rCorr Str+2}
   (You bought it in a shop on level 2 of the Orcish Mines)

   It affects your strength (+2).
   It affects your resistance to hostile enchantments.
   It provides partial protection from all sources of acid and corrosion.
Jewellery
 e - a +4 ring of evasion (right hand)
 j - a ring of wizardry (left hand)
 k - an amulet of regeneration (around neck)
 l - an uncursed ring of protection from fire
 w - an uncursed ring of magical power
 z - an uncursed ring of protection from cold
Wands
 t - a wand of iceblast (56)
 F - a wand of clouds (7)
 I - a wand of flame (12)
 K - a wand of polymorph (11)
 L - a wand of acid (5)
Scrolls
 g - 20 scrolls of identify
 m - 3 scrolls of amnesia
 p - 6 scrolls of remove curse
 q - 2 scrolls of fear
 y - 6 scrolls of enchant armour
 B - 5 scrolls of magic mapping
 H - a scroll of teleportation
 J - a scroll of enchant weapon
Potions
 b - a potion of haste
 f - 7 potions of curing
 h - 5 potions of agility
 r - 5 potions of flight
 v - 5 potions of resistance
 A - 2 potions of brilliance
 C - a potion of heal wounds
 D - a potion of mutation
 G - 3 potions of invisibility
 N - a potion of berserk rage
Comestibles
 d - 25 rations
 O - 4 chunks of flesh


   Skills:
 + Level 6.3 Fighting
 - Level 1.5 Dodging
 - Level 2.1 Stealth
 + Level 12.8 Spellcasting
 + Level 11.4 Conjurations
 - Level 6.0 Hexes
   Level 0.7 Transmutations
 * Level 21.4 Earth Magic


You had 16 spell levels left.
You knew the following spells:

 Your Spells              Type           Power        Failure   Level  Hunger
a - Sandblast             Erth           ######       1%          1    None
b - Stone Arrow           Conj/Erth      ######       1%          3    None
c - Confuse               Hex            ######..     1%          3    None
d - Lee's Rapid Deconstr  Erth           #######...   1%          5    ###....
e - Iron Shot             Conj/Erth      #######...   1%          6    #####..
f - Bolt of Magma         Conj/Fire/Erth ######....   1%          5    ###....

Your spell library contained the following spells:

 Spells                   Type           Power        Failure   Level  Hunger
 Confusing Touch          Hex            ######       1%          1    None
 Magic Dart               Conj           ####         1%          1    None
 Passwall                 Tmut/Erth      ######..     1%          2    None
 Searing Ray              Conj           ######       1%          2    None
 Slow                     Hex            ######..     1%          2    None
 Throw Flame              Conj/Fire      ######       1%          2    None
 Throw Frost              Conj/Ice       ######       1%          2    None
 Conjure Flame            Conj/Fire      ######..     1%          3    None
 Dazzling Spray           Conj/Hex       ######       1%          3    None
 Fulminant Prism          Conj/Hex       ######....   1%          4    None
 Iskenderun's Mystic Bla  Conj           ######..     1%          4    None
 Leda's Liquefaction      Hex/Erth       #######...   1%          4    None
 Petrify                  Tmut/Erth      ######..     1%          4    None
 Beastly Appendage        Tmut           ###...       2%          1    None
 Spectral Weapon          Hex/Chrm       #####...     2%          3    None
 Summon Guardian Golem    Hex/Summ       #####...     2%          3    None
 Force Lance              Conj/Tloc      ######..     2%          4    None
 Throw Icicle             Conj/Ice       ######..     2%          4    None
 Summon Small Mammal      Summ           ###.         3%          1    None
 Sticks to Snakes         Tmut           ###.....     3%          2    None
 Blink                    Tloc           N/A          4%          2    None
 Call Imp                 Summ           ###.....     4%          2    None
 Shroud of Golubria       Chrm/Tloc      ###.......   4%          2    None
 Irradiate                Conj/Tmut      ######....   6%          5    ###....
 Spider Form              Tmut/Pois      ###.......   7%          3    None
 Bolt of Draining         Conj/Necr      ######....   7%          5    ###....
 Fireball                 Conj/Fire      ######....   7%          5    ###....
 Lightning Bolt           Conj/Air       ######....   7%          5    ###....
 Call Canine Familiar     Summ           ###.....     9%          3    None
 Gell's Gravitas          Tloc           ###.......   9%          3    None
 Lesser Beckoning         Tloc           ###.......   9%          3    None
 Regeneration             Chrm/Necr      ###.......   9%          3    None
 Teleport Other           Tloc           ###.....     9%          3    None
 Yara's Violent Unravell  Hex/Tmut       #####.....   16%         5    ###....
 Orb of Destruction       Conj           ######....   19%         7    ######.
 Lehudib's Crystal Spear  Conj/Erth      #######...   19%         8    #######
 Ice Form                 Ice/Tmut       ###.....     21%         4    None
 Metabolic Englaciation   Hex/Ice        #####.....   21%         5    ###....
 Silence                  Hex/Air        #####.....   21%         5    ###....
 Passage of Golubria      Tloc           N/A          22%         4    None
 Summon Ice Beast         Ice/Summ       ###.....     22%         4    None
 Summon Lightning Spire   Summ/Air       ###.....     22%         4    None
 Invisibility             Hex            ######..     28%         6    #####..
 Conjure Ball Lightning   Conj/Air       ######....   32%         6    #####..
 Blade Hands              Tmut           ###.......   41%         5    ###....
 Spellforged Servitor     Conj/Summ      ######....   83%         7    ######.
 Deflect Missiles         Chrm/Air       ###.......   95%         6    #####..
 Chain Lightning          Conj/Air       ######....   100%        8    #######
 Death's Door             Chrm/Necr      ###.......   100%        8    #######
 Tornado                  Air            ###.......   100%        9    #######


Dungeon Overview and Level Annotations

Branches:
Dungeon (15/15)            Temple (1/1) D:4            Lair (6/6) D:9
  Swamp (0/4) Lair:4        Snake (0/4) Lair:4        Slime (0/5) Lair:5
    Orc (2/2) D:12            Elf (0/3) Orc:2        Vaults (0/5) D:13
 Depths (0/5) D:15

Altars:
Ashenzari
Cheibriados
Dithmenos
Elyvilon
Fedhas
Gozag
Hepliaklqana
Kikubaaqudgha
Makhleb
Nemelex Xobeh
Okawaru
Qazlal
Ru
Sif Muna
Trog
Uskayaw
Vehumet
Wu Jian
Xom
Yredelemnul
Zin
The Shining One
Beogh

Shops:
D:6 :   D:12 *   D:14 %   Orc:2 [[

Annotations:
D:5 1 runed door
Lair:6 exclusion: oklob plant
Orc:2 Saint Roka


Innate Abilities, Weirdness & Mutations

You are resistant to torment.
Your stone body is resilient. (AC +11)
You are immune to poison.
Your large and strong wings let you fly indefinitely.
You resist negative energy. (rN+)
You are resistant to electric shocks. (rElec)
You can survive without breathing.
You are immune to petrification.
You are immune to rotting.
You possess an exceptional clarity of mind.
Your spells are a little harder to cast, but a little more powerful.
Your movements are slightly less encumbered by armour. (ER -2)


Message History

Confirm with . or Enter, or press ? or * to list all spells.
Aiming: Bolt of Magma (safe; 1% risk of failure)
Press: ? - help, Shift-Dir - straight line, f/p - Saint Roka
Aim: Saint Roka, wielding a +4 long sword of holy wrath and wearing a +1 plate The bolt of magma hits Saint Roka.
Saint Roka partially resists.
Saint Roka is almost dead.
The bolt of magma hits the orc warrior.
You kill the orc warrior!
Sif Muna accepts your kill. Sif Muna grants you divine energy.
You briefly lose access to your magic!
Saint Roka calls down the wrath of Beogh upon you.
Beogh smites you!
* * * LOW HITPOINT WARNING * * *
Saint Roka calls down the wrath of Beogh upon you.
Beogh smites you!
* * * LOW HITPOINT WARNING * * *
The orc no longer looks unusually strong.
Saint Roka calls down the wrath of Beogh upon you.
Beogh smites you!
You die...

##.......##.....)##.......##.....
##.....####...)[................
##...## ###.......8.8.......##
##### #####...))[...#####
###########o##########
#....#...##)##..)#.... ###
####'##.#...##.##)..#.##' ..##
###.#...#.##'###.###'##.#..
#..####..##.).#.@..oo)..)#....#..
#...##..#######....##'##.#....###
##...#..# #..#....#...#.#....#..
.....##.# #..'....#!).#......'..
........## #..####.#####)####.#).
#..#.....# ####..........#.)#.###
######...######.####)....#..'.###
# ##....'.)..#..#..).)#..#.... ##
#....####.)..#.....####.###


You could see Saint Roka and an orc.

Vanquished Creatures
  A minotaur (Gauntlet)
  A dire elephant (D:15)
  A fire dragon (Lair:6)
  Fannar (Lair:2)
  A yaktaur captain (D:13)
  Harold (Lair:1)
  Erolcha (D:12)
  2 centaur warriors
  7 hydras
  2 two-headed ogres
  A death scarab (Gauntlet)
  2 orc high priests (Orc:2)
  9 death yaks
  2 unseen horrors
  A swamp dragon (Lair:6)
  A wolf spider zombie (D:14)
  3 orc knights (Orc:2)
  A manticore (D:15)
  15 ugly things
  5 orc sorcerers
  A salamander (D:15)
  A cyclops (shapeshifter) (D:14)
  A wolf spider (Lair:6)
  4 cyclopes
  A worldbinder (Gauntlet)
  A guardian serpent (Lair:6)
  15 elephants
  10 black mambas
  A torpor snail (Gauntlet)
  A gargoyle (D:15)
  17 spiny frogs
  A redback zombie (D:13)
  2 yaktaurs (D:13)
  5 komodo dragons
  5 kobold demonologists
  A rime drake (Lair:6)
  2 efreet
  A komodo dragon (shapeshifter) (D:15)
  A polar bear (shapeshifter) (D:15)
  4 trolls
  3 hornets
  5 blink frogs (Lair:6)
  7 slime creatures
  4 dream sheep (Lair:4)
  6 hippogriffs
  Sigmund (D:4)
  2 redbacks (Lair:6)
  2 wraiths
  A vampire (D:14)
  12 wyverns
  A human (D:8)
  3 basilisks
  24 yaks
  A hungry ghost (D:13)
  2 steam dragons (Lair:6)
  3 wargs (Orc:2)
  Edmund (D:4)
  A naga (Lair:4)
  5 acid dragons
  13 porcupines
  15 water moccasins
  38 orc warriors
  3 ice beasts
  3 sky beasts
  A hornet zombie (D:15)
  3 phantoms
  19 centaurs
  10 ogres
  7 wolves
  A boggart (Gauntlet)
  A necrophage (D:5)
  13 crocodiles
  4 big kobolds
  A gnoll sergeant (Orc:1)
  18 bullfrogs
  4 scorpions
  4 killer bees (D:7)
  3 electric eels
  3 howler monkeys
  3 crimson imps
  2 centaur zombies
  3 bullfrog zombies
  5 hounds
  3 jellies
  18 orc wizards
  24 orc priests
  Crazy Yiuf (D:4)
  2 bullfrog skeletons
  5 centaur skeletons
  A human skeleton (D:5)
  4 iguanas
  14 worker ants
  12 gnolls
  11 adders
  A howler monkey skeleton (D:9)
  3 shadow imps
  A white imp (D:8)
  2 oozes (D:3)
  4 adder skeletons
  2 worms
  2 dart slugs
  5 leopard geckos
  104 orcs
  7 giant cockroaches
  5 goblins
  10 hobgoblins
  15 jackals
  5 quokkas
  2 ball pythons
  6 bats
  4 frilled lizards
  A giant cockroach zombie (D:5)
  22 kobolds
  13 rats
  A fungus (Lair:6)
  A plant (Lair:6)
705 creatures vanquished.

Vanquished Creatures (others)
  25 fungi
  45 plants
70 creatures vanquished.

Grand Total: 775 creatures vanquished

Notes
Turn   | Place    | Note
-------+----------+-------------------------------------------
     0 | D:1      | JeffiDaFish the Gargoyle Earth Elementalist began the quest
                  | for the Orb.
     0 | D:1      | Reached XP level 1. HP: 10/10 MP: 3/3
   326 | D:1      | Reached skill level 4 in Earth Magic
   326 | D:1      | Reached XP level 2. HP: 8/15 MP: 3/5
  1199 | D:1      | Reached XP level 3. HP: 13/19 MP: 6/6
  1844 | D:2      | Reached skill level 5 in Earth Magic
  1963 | D:2      | Found a burning altar of Makhleb.
  2221 | D:2      | Reached XP level 4. HP: 24/24 MP: 5/8
  2836 | D:3      | Found a shattered altar of Ashenzari.
  3308 | D:4      | Reached XP level 5. HP: 28/28 MP: 6/9
  3310 | D:4      | Reached skill level 6 in Earth Magic
  3462 | D:4      | Noticed Edmund
  3474 | D:4      | Killed Edmund
  3474 | D:4      | Reached skill level 7 in Earth Magic
  3474 | D:4      | Reached XP level 6. HP: 23/32 MP: 0/11
  3564 | D:4      | Found a snail-covered altar of Cheibriados.
  3657 | D:4      | Noticed Sigmund
  3666 | D:4      | Learned a level 3 spell: Stone Arrow
  3670 | D:4      | Learned a level 3 spell: Confuse
  3855 | D:4      | Reached XP level 7. HP: 36/36 MP: 2/13
  3949 | D:4      | Reached skill level 8 in Earth Magic
  4075 | D:4      | Found a staircase to the Ecumenical Temple.
  4088 | Temple   | Entered the Ecumenical Temple
  4279 | D:4      | Killed Sigmund
  4525 | D:4      | Found a runed door.
  4761 | D:4      | Noticed Crazy Yiuf
  4764 | D:4      | Killed Crazy Yiuf
  4764 | D:4      | Reached skill level 9 in Earth Magic
  4815 | D:4      | Found a blossoming altar of Fedhas.
  4928 | D:5      | Entered Level 5 of the Dungeon
  5056 | D:5      | Found a runed door.
  5056 | D:5      | Noticed a human
  5081 | D:5      | Found a basalt altar of Yredelemnul.
  5145 | D:5      | Reached XP level 8. HP: 41/41 MP: 15/15
  5293 | D:5      | Reached skill level 5 in Spellcasting
  5482 | D:5      | Learned a level 5 spell: Lee's Rapid Deconstruction
  5547 | D:6      | Found Jerchiesch's Book Shoppe.
  5571 | D:6      | Reached skill level 1 in Hexes
  5576 | D:5      | Reached skill level 10 in Earth Magic
  5721 | D:6      | Found an opulent altar of Gozag.
  5842 | D:6      | Found a deep blue altar of Sif Muna.
  5845 | D:6      | Became a worshipper of Sif Muna the Loreminder
  6068 | D:6      | Found a bloodstained altar of Trog.
  6350 | D:6      | Reached XP level 9. HP: 45/45 MP: 11/17
  6352 | D:6      | Reached skill level 11 in Earth Magic
  6420 | D:7      | Reached * piety under Sif Muna
  7551 | D:8      | Reached skill level 12 in Earth Magic
  7557 | D:8      | Found an ornate altar of the Wu Jian Council.
  7563 | D:8      | Reached ** piety under Sif Muna
  8111 | D:8      | Reached XP level 10. HP: 47/50 MP: 20/20
  8553 | D:9      | Identified the +2 helmet of the Devil's Advocate {-Cast
                  | +Blink rN++ Int+3} (You found it on level 9 of the Dungeon)
  8756 | D:9      | Reached *** piety under Sif Muna
  8959 | D:9      | Reached skill level 13 in Earth Magic
  9000 | D:9      | Found a staircase to the Lair.
  9020 | D:9      | Reached skill level 5 in Hexes
  9718 | D:10     | Entered Level 10 of the Dungeon
  9727 | D:10     | Found a burning altar of Makhleb.
 10391 | Lair:1   | Entered Level 1 of the Lair of Beasts
 10420 | Lair:1   | Reached skill level 14 in Earth Magic
 10473 | Lair:1   | Reached **** piety under Sif Muna
 10474 | Lair:1   | Reached XP level 11. HP: 29/54 MP: 1/23
 10886 | Lair:1   | Noticed Harold
 10895 | Lair:1   | Killed Harold
 10923 | Lair:1   | Reached skill level 15 in Earth Magic
 11330 | Lair:1   | Gained mutation: Your movements are slightly less
                  | encumbered by armour. (ER -2) [potion of mutation]
 11330 | Lair:1   | Gained mutation: Your spells are a little harder to cast,
                  | but a little more powerful. [potion of mutation]
 11330 | Lair:1   | Gained mutation: You possess an exceptional clarity of
                  | mind. [potion of mutation]
 11537 | Lair:1   | Reached ***** piety under Sif Muna
 11847 | Lair:1   | Identified Sif Muna's Volume of Confrontation (Sif Muna
                  | gifted it to you on level 1 of the Lair of Beasts)
 11847 | Lair:1   | Received a gift from Sif Muna
 12029 | Lair:2   | Reached skill level 1 in Conjurations
 12174 | Lair:2   | Reached skill level 16 in Earth Magic
 12271 | Lair:2   | Noticed Fannar
 12616 | Lair:2   | Reached XP level 12. HP: 59/59 MP: 17/25
 13173 | Lair:2   | Killed Fannar
 13973 | Lair:3   | Found the +3 pair of gauntlets of War {Slay+5}
 14290 | Lair:3   | Identified Sif Muna's Disquisition on the Oath and
                  | Protection (Sif Muna gifted it to you on level 3 of the
                  | Lair of Beasts)
 14290 | Lair:3   | Received a gift from Sif Muna
 14290 | Lair:3   | Reached skill level 10 in Spellcasting
 14290 | Lair:3   | Reached skill level 17 in Earth Magic
 14536 | Lair:3   | You fall through a shaft for 2 floors!
 14540 | Lair:5   | Reached skill level 5 in Conjurations
 14683 | Lair:4   | Found a gate leading to a gauntlet.
 14697 | Gauntlet | Entered a Gauntlet
 14697 | Gauntlet | Found a transporter.
 14697 | Gauntlet | Found a transporter.
 14701 | Gauntlet | Found a transporter.
 14701 | Gauntlet | Found a transporter.
 14735 | Gauntlet | Found a transporter.
 14737 | Gauntlet | Found a transporter.
 14759 | Gauntlet | Found a transporter.
 14772 | Gauntlet | Noticed a death scarab
 14785 | Gauntlet | Found a transporter.
 14834 | Gauntlet | Killed a death scarab
 14909 | Gauntlet | Found a transporter.
 14934 | Gauntlet | Found a transporter.
 14980 | Gauntlet | Found a transporter.
 14989 | Gauntlet | Found a transporter.
 14989 | Gauntlet | Noticed a death yak
 14995 | Gauntlet | Killed a death yak
 15082 | Gauntlet | Found a transporter.
 15084 | Gauntlet | Got a faintly glowing silver ring
 15088 | Gauntlet | Noticed a thrashing horror
 15088 | Gauntlet | Noticed a thrashing horror
 15091 | Gauntlet | Identified the ring "Ugikh" {*Tele MR+ SInv} (You found it
                  | in a Gauntlet)
 15120 | Gauntlet | Identified the cursed +1 dagger of Resumed Hostilities
                  | {pierce, rPois Str+4 Int+2 Stlth+}
 15120 | Gauntlet | Noticed a minotaur
 15126 | Gauntlet | Killed a minotaur
 15138 | Gauntlet | Found the +2 cloak of the Thief {+Fog Slay-2 SInv Stlth+}
 15253 | Lair:4   | Found a staircase to the Snake Pit.
 15302 | Lair:4   | Noticed a five-headed hydra
 15308 | Lair:4   | Killed a five-headed hydra
 15311 | Lair:4   | Noticed a five-headed hydra
 15318 | Lair:4   | Reached XP level 13. HP: 53/63 MP: 0/27
 15507 | Lair:4   | You fall through a shaft for 2 floors!
 15507 | Lair:6   | Entered Level 6 of the Lair of Beasts
 15512 | Lair:6   | Reached skill level 18 in Earth Magic
 15729 | Lair:4   | Found a staircase to the Swamp.
 16137 | Lair:4   | Identified Hicrasikh's Tome of Dusty Translocation (Sif
                  | Muna gifted it to you on level 4 of the Lair of Beasts)
 16137 | Lair:4   | Received a gift from Sif Muna
 16151 | Lair:4   | Learned a level 6 spell: Iron Shot
 17384 | Lair:5   | Found a staircase to the Slime Pits.
 18769 | Lair:6   | Reached skill level 19 in Earth Magic
 19436 | Lair:6   | Gained mutation: Your large and strong wings let you fly
                  | indefinitely. [Gargoyle growth]
 19436 | Lair:6   | Reached XP level 14. HP: 59/68 MP: 14/29
 19677 | Lair:6   | Received a gift from Sif Muna
 19881 | Lair:6   | Identified a scroll of acquirement
 21184 | Lair:6   | Reached skill level 20 in Earth Magic
 21914 | D:11     | Identified the +4 trident "Lacertilianbane" {antimagic, rC+
                  | MR+++ Int-5}
 22181 | D:11     | Reached skill level 1 in Fighting
 23198 | D:12     | Found a staircase to the Orcish Mines.
 23202 | D:12     | Noticed Erolcha
 23218 | D:12     | Killed Erolcha
 23510 | D:12     | Reached skill level 10 in Conjurations
 23544 | D:12     | Found Miujahug's Elemental Accessories.
 24013 | D:13     | Identified Sif Muna's Handbook of Attacks (Sif Muna gifted
                  | it to you on level 13 of the Dungeon)
 24013 | D:13     | Received a gift from Sif Muna
 24027 | D:13     | Learned a level 5 spell: Bolt of Magma
 24174 | D:13     | Found a stormy altar of Qazlal.
 24213 | D:13     | Found a gate to the Vaults.
 25033 | D:14     | Reached XP level 15. HP: 78/80 MP: 4/31
 25976 | D:14     | Found Ofoe's Food Shoppe.
 26185 | D:15     | Entered Level 15 of the Dungeon
 26316 | D:15     | Reached skill level 5 in Fighting
 26337 | D:15     | Reached skill level 21 in Earth Magic
 26853 | D:15     | Found a staircase to the Depths.
 27576 | D:15     | Found a deep blue altar of Sif Muna.
 27717 | Orc:1    | Entered Level 1 of the Orcish Mines
 28234 | Orc:2    | Entered Level 2 of the Orcish Mines
 28352 | Orc:2    | Identified Sif Muna's Catalogue of the Thirteen Curses (Sif
                  | Muna gifted it to you on level 2 of the Orcish Mines)
 28352 | Orc:2    | Received a gift from Sif Muna
 29084 | Orc:2    | Found a staircase to the Elven Halls.
 29587 | Orc:2    | Found a roughly hewn altar of Beogh.
 29814 | Orc:2    | Found Xocsal's Armour Boutique.
 29824 | Orc:2    | Found Ysoruti's Antique Armour Shop.
 30066 | Orc:2    | Bought an ichor-stained robe for 148 gold pieces
 30066 | Orc:2    | Identified the +1 robe of the Eternal Fruit {MR+ rCorr
                  | Str+2} (You bought it in a shop on level 2 of the Orcish
                  | Mines)
 30568 | Orc:2    | Noticed Saint Roka
 30924 | Orc:2    | Found a roughly hewn altar of Beogh.
 31346 | Orc:2    | Killed from afar by Saint Roka

Vault maps used:
D:1:      minmay_arrival_hallway
D:2:      bloody_makhleb, kennysheep_generic_room_6
D:3:      lemuel_doored_altar, first_ration
D:4:      lemuel_round_altar, minmay_temple_entry_waves, cheibriados_altar_1,
          uniq_edmund, uniq_crazy_yiuf_cottage, uniq_sigmund
D:5:      dk_yredelemnul_ordeal
D:6:      cheibrodos_quashed, lemuel_crystal_altar, kennysheep_mini_moat,
          serial_shops, nicolae_shop_stone, minmay_ruined_shrine
D:8:      old_standard_altar, grunt_pizzeria,
          hangedman_abyss_or_decor_lesser_grid, minmay_fire_ice_demons
D:9:      david_lair_shrubbed
D:10:     basic_altar
D:11:     minivault_24, minmay_misc_feat_four_crosses
D:12:     orc_david_3, nicolae_elemental_shop, st_stairs_7, uniq_erolcha
D:13:     david_vaults_2, grunt_qazlal_clouds
D:14:     serial_shops, nicolae_shop_crystal
D:15:     hangedman_depths_entry_try_elsewhere_first,
          chequers_serial_rivers_marsh, st_stairs_11, lemuel_blue_sif_altar
Temple:   eino_temple_rhombus
Lair:1:   beast_lair_carwin_10, grunt_megastairs_2, serial_bayou_shore_a,
          uniq_harold
Lair:2:   guppyfry_lair_drakes, uniq_fannar
Lair:3:   st_stairs_12, hangedman_lair_unloving_vines
Lair:4:   swamp_mist, guppyfry_snake_entry_island, gauntlet_entry_generic,
          chequers_serial_rivers_large_a, nicolae_quartered_pool_super,
          st_stairs_10, infiniplex_staircase_pool
Lair:5:   slime_dummy, chequers_serial_rivers_large_b, minmay_holes,
          serial_bayou_pond_a, beast_lair_carwin_2
Lair:6:   hangedman_lair_tendril_chambers, guppyfry_lair_end_dragon,
          minmay_lair_oklob_chamber, serial_bayou_shore_b
Orc:1:    mines4_lemuel
Orc:2:    pubby_orc_utopia
Gauntlet: gammafunk_gauntlet_branching

Skill      XL: |  1  2  3  4  5  6  7  8  9 10 11 12 13 14 15 |
---------------+----------------------------------------------+-----
Earth Magic    | 4 5 7 9 10 12 14 16 17 19 20 21 | 21.4
Spellcasting   | 3 4 5 7 8 9 10 11 12 | 12.8
Hexes          | 2 4 6 |  6.0
Conjurations   | 3 6 8 10 11 | 11.4
Fighting       | 3 6 |  6.3
Dodging        | |  1.5
Stealth        | |  2.1
Transmutations | |  0.7

Action                   |  1- 3 |  4- 6 |  7- 9 | 10-12 | 13-15 || total
-------------------------+-------+-------+-------+-------+-------++-------
Melee: Unarmed           |    40 |       |       |       |       ||    40
       Dagger            |   102 |    63 |   303 |   217 |   601 ||  1286
Throw: Stone             |       |       |       |       |     1 ||     1
 Cast: Sandblast         |    38 |    45 |    53 |   219 |   298 ||   653
       Stone Arrow       |       |     5 |    23 |    74 |    82 ||   184
       Confuse           |       |       |     4 |    10 |     1 ||    15
       Lee's Rapid Decon |       |       |    18 |    38 |    62 ||   118
       Iron Shot         |       |       |       |       |   107 ||   107
       Bolt of Magma     |       |       |       |       |    53 ||    53
Invok: Divine Energy     |       |       |       |     1 |       ||     1
 Abil: Fly               |       |       |       |       |     1 ||     1
       Evoke Fog         |       |       |       |       |     4 ||     4
  Use: Scroll            |     7 |     4 |     7 |     6 |    18 ||    42
       Potion            |     8 |       |       |     7 |     1 ||    16
 Stab: Sleeping          |     5 |     1 |     1 |     5 |    20 ||    32
       Confused          |       |       |     1 |     2 |       ||     3
  Eat: Chunk             |     5 |     5 |    21 |    30 |    63 ||   124
       Ration            |       |       |       |       |    11 ||    11
Armor: Robe              |    69 |    41 |   125 |   171 |   474 ||   880
Dodge: Dodged            |   120 |    62 |   272 |   310 |   820 ||  1584

Table legend:
 A = Non-vault XP
 B = Vault XP
 C = Vault XP percentage of total XP
 D = Non-vault monster count
 E = Vault monster count
 F = Vault count percentage of total count
                 A         B        C        D         E       F
            +---------+---------+-------+---------+---------+-------
      Total |   70275 |   50128 |  41.6 |     454 |     249 |  35.4
            +---------+---------+-------+---------+---------+-------
        D:1 |      43 |       0 |   0.0 |      27 |       0 |   0.0
        D:2 |      45 |       3 |   6.2 |      20 |       2 |   9.1
        D:3 |      71 |       0 |   0.0 |      19 |       0 |   0.0
        D:4 |     505 |     421 |  45.5 |      26 |       3 |  10.3
        D:5 |     243 |      37 |  13.2 |      16 |       1 |   5.9
        D:6 |     868 |     249 |  22.3 |      16 |       6 |  27.3
        D:7 |    1235 |       0 |   0.0 |      28 |       0 |   0.0
        D:8 |     709 |     263 |  27.1 |      14 |       3 |  17.6
        D:9 |    1685 |     372 |  18.1 |      43 |       1 |   2.3
       D:10 |    1255 |       0 |   0.0 |      13 |       0 |   0.0
       D:11 |    3845 |       0 |   0.0 |      33 |       0 |   0.0
       D:12 |    3945 |    1592 |  28.8 |      16 |       8 |  33.3
       D:13 |    5302 |    1795 |  25.3 |      21 |       3 |  12.5
       D:14 |    9382 |       0 |   0.0 |      20 |       0 |   0.0
       D:15 |    7584 |    3587 |  32.1 |      22 |       6 |  21.4
     Lair:1 |    3637 |    2693 |  42.5 |      16 |      12 |  42.9
     Lair:2 |    4769 |    1725 |  26.6 |      18 |       3 |  14.3
     Lair:3 |    3368 |     216 |   6.0 |      15 |       1 |   6.2
     Lair:4 |    6151 |    1544 |  20.1 |      21 |       4 |  16.0
     Lair:5 |    2612 |    1233 |  32.1 |       8 |       3 |  27.3
     Lair:6 |   11559 |   15351 |  57.0 |      25 |      50 |  66.7
      Orc:1 |    1462 |     738 |  33.5 |      17 |      12 |  41.4
      Orc:2 |       0 |   13950 | 100.0 |       0 |     124 | 100.0
   Gauntlet |       0 |    4359 | 100.0 |       0 |       7 | 100.0
            +---------+---------+-------+---------+---------+-------
